Map: Dusk Towers

Players

lesha

  • Race: Terran Terran
  • League: Gold

ınsomnıa - Winner!

  • Race: Terran Terran
  • League: Gold

VOD

Have the link to the VOD?

Description

Time

  • Played on: Jan. 6, 2016, 9:31 p.m.
  • Length: 21:47
Show
View Real Time Build Order
Export as new Build Order

lesha Terran 

Build Orders: Reaper Expand, MMM Bio 

Get SALT Encoding   

  12  0:01  SCV  
  13  0:14  SCV  
  13  0:18  Supply Depot  
  14  0:26  SCV  
  15  0:39  SCV  
  15  0:40  Barracks  
  16  0:46  Refinery  
  16  0:51  SCV  
  17  1:03  SCV  
  18  1:16  SCV  
  19  1:28  Orbital Command  
  19  1:31  Reaper  
  20  1:41  Command Center  
  20  1:54  Supply Depot  
  20  1:55  SCV  
  21  2:03  Refinery  
  21  2:10  SCV  
  21  2:11  Barracks Reactor  
  22  2:22  SCV  
  23  2:23  Barracks  
  23  2:39  SCV  
  24  2:51  SCV  
  24  2:53  Marine  
  26  3:01  Orbital Command  
  26  3:10  Marine  
  26  3:11  Marine  
  27  3:14  Barracks Reactor  
  27  3:20  Factory, Engineering Bay  
  27  3:25  SCV, Supply Depot  
  28  3:28  Supply Depot  
  28  3:31  SCV  
  29  3:37  SCV  
  29  3:38  Marine x2  
  32  3:43  SCV  
  32  3:46  Barracks  
  33  3:49  SCV  
  33  3:52  Marine x2  
  33  3:55  SCV  
  37  3:59  Marine x2  
  39  4:05  Factory Tech Lab  
  39  4:11  Starport  
  39  4:13  Terran Infantry Weapons Level 1  
  39  4:14  SCV x2  
  41  4:18  Marine x4  
  45  4:25  Siege Tank  
  45  4:26  SCV x2  
  50  4:35  Barracks Tech Lab  
  50  4:37  Marine  
  50  4:38  SCV x2, Marine x3  
  56  4:46  Supply Depot x2  
  56  4:47  Missile Turret  
  56  4:52  Missile Turret  
  56  4:57  Marine x4  
  60  5:00  Marauder  
  62  5:08  Stimpack  
  62  5:10  Starport Reactor  
  62  5:12  Widow Mine  
  64  5:14  Marine  
  64  5:16  SCV x2  
  67  5:23  Supply Depot x2  
  67  5:28  SCV x2  
  67  5:30  Refinery  
  67  5:32  Refinery  
  69  5:36  Marine x4  
  69  5:38  Marauder  
  69  5:40  SCV x2  
  77  5:44  Widow Mine  
  79  5:50  Supply Depot  
  79  5:54  Supply Depot, Medivac x2  
  79  5:55  Marine x3  
  79  5:56  Marine  
  87  6:14  Terran Infantry Armor Level 1  
  87  6:20  SCV x2  
  89  6:32  SCV x2, Medivac  
  93  6:34  Marine x4  
  93  6:35  Marine  
  93  6:38  Siege Tank  
  101  6:44  Command Center  
  101  6:45  SCV x2  
  103  6:50  Barracks  
  103  6:54  Barracks  
  103  6:59  SCV x2  
  103  7:00  Armory  
  85  7:08  Combat Shields  
  85  7:09  Marine x5  
  85  7:11  SCV x2  
  85  7:15  Medivac  
  94  7:25  Siege Tank  
  94  7:27  Marine x4  
  94  7:28  Marine  
  101  7:39  Medivac  
  101  7:41  Barracks Reactor x2  
  103  7:46  Marine x5  
  108  7:55  SCV x2  
  110  8:04  Marine x3  
  110  8:07  SCV x2  
  82  8:47  Marine  
  82  8:48  Marine x6  
  81  8:49  Marine x2  
  82  9:05  Marine  
  77  9:14  Marine  
  77  9:15  Marine x6  
  77  9:16  Marine  
  79  9:43  Marine x4  
  79  9:44  Marine x3  
  79  9:45  Marauder  
  88  9:48  Command Center  
  87  10:06  Marauder  
  89  10:13  Starport  
  89  10:14  Starport  
  89  10:15  Starport x2  
  89  10:18  Orbital Command  
  89  10:21  Marine x6  
  90  10:22  Marine  
  90  10:23  Siege Tank  
  90  10:24  Medivac x2  
  103  10:46  SCV x3  
  106  10:53  Starport  
  106  10:58  SCV x2  
  106  10:59  Refinery  
  106  11:01  Refinery  
  106  11:02  Terran Infantry Weapons Level 2  
  108  11:06  Terran Ship Weapons Level 1  
  108  11:13  Armory  
  108  11:16  Starport Tech Lab  
  108  11:17  Starport Tech Lab x2  
  108  11:21  SCV x3  
  108  11:23  Orbital Command, Starport Tech Lab  
  111  11:35  Refinery  
  108  12:22  Fusion Core  
  105  12:32  Starport Tech Lab  
  102  12:55  Refinery  
  102  12:59  SCV  
  102  13:00  SCV x3  
  106  13:10  Battlecruiser x3  
  106  13:11  Battlecruiser x2, SCV  
  137  13:22  Weapon Refit  
  137  13:27  Marine x3  
  140  13:34  Supply Depot x2  
  140  13:35  Supply Depot  
  140  13:36  Terran Ship Weapons Level 2  
  140  13:38  Supply Depot, Terran Vehicle And Ship Armor Level 1  
  140  13:52  Starport Tech Lab, Marine  
  140  13:55  Marine x4  
  144  14:05  Behemoth Reactor  
  143  14:14  Battlecruiser  
  143  14:15  Battlecruiser  
  161  14:31  Battlecruiser  
  161  14:52  Battlecruiser  
  167  14:58  Marine x3  
  167  14:59  Command Center, Marine x2  
  172  15:09  Supply Depot x2  
  172  15:10  Supply Depot  
  172  15:12  Supply Depot  
  172  15:30  Marine x7  
  172  15:31  Battlecruiser, Marine  
  172  15:32  Battlecruiser  
  172  15:34  Battlecruiser  
  197  15:50  Terran Vehicle And Ship Armor Level 2  
  197  15:54  Terran Ship Weapons Level 3  
  197  16:07  Marine  
  198  16:16  Orbital Command  
  198  16:25  Refinery  
  143  17:07  Marine  
  111  17:20  Marine x6  
  111  17:21  Marine x2  
  110  17:23  Battlecruiser  
  110  17:24  Battlecruiser x5  
  110  17:25  Marine  
  147  17:36  SCV x2  
  150  17:37  SCV x2  
  150  17:38  Marine x3  
  154  17:48  SCV  
  147  18:18  Marine x3  
  147  18:19  Marine x6  
  154  18:36  Marine x5  
  154  18:37  Marine  
  160  18:42  Marine x3  
  160  18:43  Battlecruiser  
  160  18:44  Battlecruiser x3  
  187  18:54  Marine  
  111  20:02  Marine x5  
  111  20:03  Marine x2  
  111  20:04  Medivac x6  
  111  20:06  Marine x2  
  126  20:20  Marine x6  
  126  20:21  Marine  
  133  20:23  Marine  
  133  20:24  Marine  
  133  20:34  Medivac  
  133  20:35  Medivac x5  
  128  21:03  Medivac  
  116  21:15  Marine x5  
  116  21:16  Marine x4  
Show
View Real Time Build Order
Export as new Build Order

ınsomnıa Terran - Winner!

Build Orders: Reaper Expand, Mech 

Get SALT Encoding   

  12  0:01  SCV  
  13  0:13  SCV  
  14  0:21  Supply Depot  
  14  0:25  SCV  
  15  0:43  SCV  
  15  0:44  Barracks  
  15  0:49  Refinery  
  16  1:26  Refinery  
  16  1:29  SCV  
  17  1:37  Reaper  
  17  1:39  Command Center  
  18  1:46  Orbital Command  
  18  2:06  Factory  
  18  2:17  SCV  
  19  2:24  Factory  
  19  2:41  SCV  
  20  2:52  Factory  
  20  2:53  Factory Tech Lab, Barracks Reactor  
  20  2:57  SCV  
  21  3:19  Siege Tank  
  24  3:27  Refinery, Orbital Command  
  24  3:30  Refinery  
  24  3:31  SCV  
  25  3:38  Factory Tech Lab  
  25  3:45  Supply Depot  
  25  3:47  Widow Mine  
  27  4:00  SCV  
  28  4:05  SCV, Engineering Bay  
  29  4:17  SCV  
  30  4:19  Starport  
  30  4:31  Siege Tank  
  30  4:32  Siege Tank  
  30  4:33  Widow Mine  
  30  4:37  Widow Mine  
  40  4:42  SCV  
  40  4:43  SCV  
  42  4:50  Missile Turret  
  42  4:54  SCV  
  42  4:55  SCV  
  44  5:01  Missile Turret  
  44  5:35  Command Center  
  44  5:44  SCV x2  
  46  5:51  Missile Turret  
  46  6:06  Missile Turret  
  46  6:10  Supply Depot  
  46  6:14  Missile Turret  
  46  6:18  Missile Turret  
  46  6:26  Supply Depot  
  46  6:32  SCV x2, Cyclone x2  
  54  6:38  Missile Turret  
  53  6:44  SCV  
  54  6:47  SCV  
  54  6:51  Missile Turret  
  54  6:52  SCV  
  56  6:56  SCV  
  56  6:58  Missile Turret  
  56  6:59  SCV  
  58  7:04  Siege Tank  
  61  7:09  Orbital Command  
  61  7:11  Refinery  
  61  7:12  Refinery  
  61  7:21  Supply Depot  
  61  7:23  Supply Depot  
  61  7:25  SCV  
  61  7:26  SCV  
  63  7:32  Missile Turret  
  63  7:35  Widow Mine x2  
  63  7:36  Widow Mine  
  69  7:37  Liberator  
  69  7:45  Supply Depot  
  69  7:47  Supply Depot  
  69  7:49  Mag-Field Accelerator  
  69  7:51  Infernal Pre-Igniter  
  69  7:57  SCV x2  
  74  8:09  Supply Depot  
  68  8:21  Widow Mine x2  
  68  8:22  Siege Tank x2  
  68  8:24  SCV x2  
  80  8:27  SCV  
  81  8:36  SCV  
  81  8:37  Medivac  
  77  8:50  Widow Mine  
  79  9:22  SCV x3  
  82  9:27  Command Center  
  82  9:34  SCV x3  
  82  9:36  Supply Depot x2  
  85  9:38  Supply Depot  
  85  9:39  Supply Depot  
  85  9:44  Starport  
  85  9:45  Starport  
  85  9:46  SCV x3  
  88  9:53  Fusion Core  
  88  10:00  Starport  
  88  10:02  Supply Depot  
  88  10:03  SCV x3  
  88  10:04  Starport  
  91  10:08  Starport  
  91  10:15  SCV x2  
  93  10:32  Command Center  
  93  10:36  Sensor Tower  
  93  10:49  SCV  
  95  10:50  SCV  
  95  10:51  Starport Tech Lab x2  
  95  10:52  Starport Tech Lab x2  
  95  10:54  Starport Tech Lab x2  
  95  10:56  Weapon Refit  
  95  10:58  Building Armor  
  95  11:02  Supply Depot  
  95  11:07  SCV  
  95  11:11  SCV  
  97  11:14  Explosive Shrapnel Shells, Corvid Reactor  
  97  11:15  Advanced Ballistics  
  97  11:18  Raven x5  
  99  11:19  Raven  
  99  11:23  SCV x2  
  99  11:24  SCV, Supply Depot  
  112  11:35  SCV  
  112  11:39  Behemoth Reactor  
  113  11:51  Refinery  
  113  11:55  Missile Turret  
  113  11:57  Refinery, Missile Turret  
  113  11:59  Refinery  
  113  12:01  Missile Turret  
  113  12:02  Refinery  
  113  12:06  Missile Turret  
  113  12:14  SCV x2  
  115  12:18  SCV  
  115  12:20  Battlecruiser x4  
  140  12:26  Sensor Tower  
  140  12:29  Missile Turret  
  140  12:30  Planetary Fortress  
  140  12:35  SCV x3  
  140  12:36  Planetary Fortress  
  138  12:47  SCV  
  137  13:04  Missile Turret  
  137  13:07  Battlecruiser  
  137  13:08  Battlecruiser  
  149  13:24  Battlecruiser  
  155  13:34  SCV  
  155  13:35  SCV  
  155  13:37  Battlecruiser x2  
  155  13:41  Raven  
  169  13:59  Supply Depot  
  169  14:01  Supply Depot  
  169  14:02  Supply Depot x2  
  167  14:10  Supply Depot  
  167  14:11  Raven  
  169  14:19  Battlecruiser  
  169  14:23  Supply Depot  
  169  14:24  Raven  
  175  14:27  Command Center, Supply Depot x2  
  175  14:28  Raven  
  175  14:29  Supply Depot  
  179  14:44  Missile Turret  
  179  14:45  Raven x2  
  179  14:46  Orbital Command  
  179  14:52  Supply Depot  
  183  14:54  Command Center, Raven  
  183  14:57  Sensor Tower  
  185  15:00  Missile Turret  
  185  15:02  Missile Turret x2  
  185  15:03  Armory  
  185  15:07  Armory  
  185  15:09  Armory  
  185  15:17  Battlecruiser, Missile Turret  
  191  15:25  Missile Turret  
  191  15:28  Liberator  
  191  15:29  SCV  
  191  15:35  Raven x2  
  192  15:40  Missile Turret  
  199  15:57  Terran Vehicle And Ship Armor Level 1, Terran Ship Weapons Level 1  
  199  15:58  Terran Vehicle Weapons Level 1  
  199  16:07  Refinery  
  199  16:30  Refinery  
  175  16:45  Hellion x3  
  175  16:47  Battlecruiser x2, Raven  
  187  16:52  Liberator x3  
  157  17:12  Liberator, Siege Tank, Widow Mine  
  151  17:24  Hellion x2  
  151  17:28  Starport  
  151  17:29  Factory  
  143  17:33  Liberator  
  146  17:41  Command Center, Hellion  
  146  17:42  Refinery  
  148  17:44  Hellion, Refinery  
  148  17:45  Missile Turret  
  148  17:46  Widow Mine  
  148  17:47  Siege Tank  
  148  17:48  Missile Turret  
  158  17:52  Battlecruiser  
  161  18:01  Widow Mine  
  158  18:06  Siege Tank, Missile Turret  
  158  18:10  Battlecruiser  
  167  18:15  Command Center, Medivac  
  167  18:17  Missile Turret  
  167  18:19  Missile Turret  
  169  18:34  Missile Turret  
  169  18:38  Refinery  
  169  18:42  Refinery  
  169  18:45  Factory Reactor  
  169  18:55  Missile Turret  
  169  19:11  Terran Ship Weapons Level 2, Battlecruiser x3, Terran Vehicle And Ship Armor Level 2  
  187  19:27  Hellion  
  187  19:28  Hellion x5  
  199  19:34  Liberator x3  
  178  19:58  Liberator  
  156  20:15  Battlecruiser  
  157  20:22  Planetary Fortress  
  151  20:29  Viking  
  151  20:34  Viking x3  
  147  20:49  Widow Mine  
  138  20:50  Widow Mine x3  
  138  20:54  Starport Reactor  
  138  20:58  Viking  
  138  20:59  Viking  
  142  21:04  Viking x3  
  142  21:06  Factory Reactor  
  146  21:18  Widow Mine  
Tags
 
Add a new tag
Caveats
  • Supply blocks, unpowered buildings, or Contaminate may cause inaccurate times.
  • Supply counts are checked every 10 seconds.